TOP OF THE 1ST |
Houston Astros batting - Pitching for Oakland Athletics : RHP Jerad Eickhoff
|
Pitching: RHP Jerad Eickhoff
|
|
Batting: LHB Colin Moran
|
0-0: Fly out, F7 (Flyball, 7D, EV 96.3 MPH)
|
Batting: SHB Ben Zobrist
|
0-0: Ball 1-0: Foul Ball, location: 2F 1-1: Foul Ball, location: 2F 1-2: Foul Ball, location: 2F 1-2: DOUBLE (Line Drive, 89D, EV 108.1 MPH)
|
Batting: RHB Edwin Encarnacion
|
0-0: Swinging Strike 0-1: Called Strike 0-2: Strikes out swinging
|
Batting: LHB Jason Heyward
|
0-0: Ball 1-0: Ground out U3 (Groundball, 34, EV 101.3 MPH)
|
Top of the 1st over - 0 runs, 1 hit, 0 errors, 1 left on base; Houston 0 - Oakland 0 |
BOTTOM OF THE 1ST |
Oakland Athletics batting - Pitching for Houston Astros : LHP Robbie Ray
|
Pitching: LHP Robbie Ray
|
|
Batting: LHB Steven Duggar
|
0-0: Called Strike 0-1: Ball 1-1: Ball 2-1: Called Strike 2-2: Ball 3-2: Strikes out swinging
|
Batting: RHB Jamie Ritchie
|
0-0: Called Strike 0-1: Ground out 5-3 (Groundball, 56, EV 81.9 MPH)
|
Batting: RHB Jose Abreu
|
0-0: Ball 1-0: Ball 2-0: Ball 3-0: Base on Balls
|
Batting: RHB Rhys Hoskins
|
0-0: Foul Ball, location: 2F 0-1: Ball 1-1: Fielders Choice at 2nd, 6-4 (Groundball, 56, EV 103.8 MPH)
|
Bottom of the 1st over - 0 runs, 0 hits, 0 errors, 1 left on base; Houston 0 - Oakland 0 |
TOP OF THE 2ND |
Houston Astros batting - Pitching for Oakland Athletics : RHP Jerad Eickhoff
|
Batting: LHB Bradley Zimmer
|
0-0: Foul Ball, location: 2F 0-1: Ball 1-1: Called Strike 1-2: Ball 2-2: Strikes out looking
|
Batting: SHB Jorge Polanco
|
0-0: Ball 1-0: Ball 2-0: Ground out U3 (Groundball, 3, EV 81.3 MPH)
|
Batting: RHB Jermaine Palacios
|
0-0: Called Strike 0-1: Foul Ball, location: 2F 0-2: Fly out, F9 (Flyball, 9D, EV 108.8 MPH)
|
Top of the 2nd over - 0 runs, 0 hits, 0 errors, 0 left on base; Houston 0 - Oakland 0 |
BOTTOM OF THE 2ND |
Oakland Athletics batting - Pitching for Houston Astros : LHP Robbie Ray
|
Batting: LHB Didi Gregorius
|
0-0: Ball 1-0: Fly out, F8 (Flyball, 8RXD, EV 80.6 MPH)
|
Batting: RHB Mark Canha
|
0-0: Called Strike 0-1: Ball 1-1: Ball 2-1: Foul Ball, location: 2F 2-2: Ball 3-2: Strikes out swinging
|
Batting: SHB Eduardo Escobar
|
0-0: Foul Ball, location: 2F 0-1: Swinging Strike 0-2: Strikes out looking
|
Bottom of the 2nd over - 0 runs, 0 hits, 0 errors, 0 left on base; Houston 0 - Oakland 0 |
TOP OF THE 3RD |
Houston Astros batting - Pitching for Oakland Athletics : RHP Jerad Eickhoff
|
Batting: LHB Rougned Odor
|
0-0: Foul Ball, location: 2F 0-1: Called Strike 0-2: Ball 1-2: SOLO HOME RUN (Flyball, 89XD, EV 111.3 MPH), Distance : 395 ft
|
Batting: SHB Tucker Barnhart
|
0-0: Swinging Strike 0-1: Ball 1-1: Foul Ball, location: 2F 1-2: Ball 2-2: Ball 3-2: Foul Ball, location: 2F 3-2: Ground out 4-3 (Groundball, 4S, EV 76.9 MPH)
|
Batting: LHB Colin Moran
|
0-0: Foul Ball, location: 2F 0-1: Swinging Strike 0-2: Ball 1-2: Fly out, F7 (Flyball, 7S, EV 88.8 MPH)
|
Batting: SHB Ben Zobrist
|
0-0: Called Strike 0-1: Ball 1-1: Fly out, F9 (Flyball, 89M, EV 78.8 MPH)
|
Top of the 3rd over - 1 run, 1 hit, 0 errors, 0 left on base; Houston 1 - Oakland 0 |
BOTTOM OF THE 3RD |
Oakland Athletics batting - Pitching for Houston Astros : LHP Robbie Ray
|
Batting: RHB Mac Williamson
|
0-0: Ball 1-0: Ball 2-0: Ball 3-0: Base on Balls
|
Batting: SHB Freddy Galvis
|
0-0: Ball 1-0: Ball 2-0: Foul Ball, location: 2F 2-1: Fly out, F8 (Line Drive, 8RD, EV 88.1 MPH)
|
Batting: LHB Steven Duggar
|
0-0: Ball 1-0: Called Strike 1-1: Ball 2-1: Foul Ball, location: 2F 2-2: Foul Ball, location: 2F 2-2: Foul Ball, location: 2F 2-2: SINGLE (Groundball, 23, EV 66.3 MPH) (infield hit) Mac Williamson to second
|
Batting: RHB Jamie Ritchie
|
0-0: Ball 1-0: Swinging Strike 1-1: Foul Ball, location: 2F 1-2: Foul Ball, location: 2F 1-2: Ball 2-2: Grounds into double play, 4-6-3 (Groundball, 4, EV 81.9 MPH)
|
Bottom of the 3rd over - 0 runs, 1 hit, 0 errors, 1 left on base; Houston 1 - Oakland 0 |
TOP OF THE 4TH |
Houston Astros batting - Pitching for Oakland Athletics : RHP Jerad Eickhoff
|
Batting: RHB Edwin Encarnacion
|
0-0: Called Strike 0-1: Ball 1-1: Ball 2-1: SINGLE (Line Drive, 5D, EV 98.1 MPH)
|
Batting: LHB Jason Heyward
|
0-0: Ball 1-0: Ball 2-0: Called Strike 2-1: Fielders Choice at 2nd, 3-6 (Groundball, 3, EV 87.5 MPH)
|
Batting: LHB Bradley Zimmer
|
0-0: Called Strike 0-1: Called Strike 0-2: Ball 1-2: Ball 2-2: Ball 3-2: 2-RUN HOME RUN (Flyball, 89XD, EV 103.1 MPH), Distance : 397 ft
|
Batting: SHB Jorge Polanco
|
0-0: Ball 1-0: Swinging Strike 1-1: Fly out, F7 (Flyball, 7LM, EV 100.6 MPH)
|
Batting: RHB Jermaine Palacios
|
0-0: Called Strike 0-1: SINGLE (Groundball, 34D, EV 98.8 MPH)
|
Batting: LHB Rougned Odor
|
0-0: Called Strike 0-1: Ball 1-1: Called Strike 1-2: Strikes out swinging
|
Top of the 4th over - 2 runs, 3 hits, 0 errors, 1 left on base; Houston 3 - Oakland 0 |
BOTTOM OF THE 4TH |
Oakland Athletics batting - Pitching for Houston Astros : LHP Robbie Ray
|
Batting: RHB Jose Abreu
|
0-0: Hit by Pitch
|
Batting: RHB Rhys Hoskins
|
0-0: Called Strike 0-1: Fielders Choice at 2nd, 6-4 (Groundball, 6, EV 86.9 MPH)
|
Batting: LHB Didi Gregorius
|
0-0: Called Strike 0-1: Called Strike 0-2: Fly out, F6 (Popup, 4MS, EV 82.5 MPH)
|
Batting: RHB Mark Canha
|
0-0: Ball 1-0: Foul Ball, location: 2F 1-1: Ball 2-1: Foul Ball, location: 2F 2-2: Foul Ball, location: 2F 2-2: Ball 3-2: Base on Balls Rhys Hoskins to second
|
Batting: SHB Eduardo Escobar
|
0-0: Foul Ball, location: 2F 0-1: Ball 1-1: Ball 2-1: Swinging Strike 2-2: Strikes out looking
|
Bottom of the 4th over - 0 runs, 0 hits, 0 errors, 2 left on base; Houston 3 - Oakland 0 |
TOP OF THE 5TH |
Houston Astros batting - Pitching for Oakland Athletics : RHP Jerad Eickhoff
|
Batting: SHB Tucker Barnhart
|
0-0: Fly out, F8 (Flyball, 8RM, EV 85.0 MPH)
|
Batting: LHB Colin Moran
|
0-0: Called Strike 0-1: Ground out 5-3 (Groundball, 56, EV 105.6 MPH)
|
Batting: SHB Ben Zobrist
|
0-0: Ball 1-0: Called Strike 1-1: Ground out 6-3 (Groundball, 6M, EV 82.5 MPH)
|
Top of the 5th over - 0 runs, 0 hits, 0 errors, 0 left on base; Houston 3 - Oakland 0 |
BOTTOM OF THE 5TH |
Oakland Athletics batting - Pitching for Houston Astros : LHP Robbie Ray
|
Batting: RHB Mac Williamson
|
0-0: Fly out, F8 (Flyball, 8LS, EV 83.1 MPH)
|
Batting: SHB Freddy Galvis
|
0-0: Swinging Strike 0-1: Foul Ball, location: 2F 0-2: Ball 1-2: Strikes out swinging
|
Batting: LHB Steven Duggar
|
0-0: Ball 1-0: Ball 2-0: Swinging Strike 2-1: Ball 3-1: Base on Balls
|
Batting: RHB Jamie Ritchie
|
0-0: Ball 1-0: Ball 2-0: Ball Steven Duggar steals 2nd base 3-0: Base on Balls
|
Batting: RHB Jose Abreu
|
0-0: SINGLE (Line Drive, 78S, EV 110.0 MPH) Steven Duggar to third Jamie Ritchie to second Runner from 3rd tries for Home, SAFE, no throw by LF
|
Batting: RHB Rhys Hoskins
|
0-0: Ball 1-0: Swinging Strike 1-1: Foul Ball, location: 2F 1-2: Strikes out swinging
|
Bottom of the 5th over - 1 run, 1 hit, 0 errors, 2 left on base; Houston 3 - Oakland 1 |
TOP OF THE 6TH |
Houston Astros batting - Pitching for Oakland Athletics : RHP Jerad Eickhoff
|
Batting: RHB Edwin Encarnacion
|
0-0: Called Strike 0-1: Swinging Strike 0-2: Ball 1-2: Foul Ball, location: 2F 1-2: Ball 2-2: Ball 3-2: SINGLE (Flyball, 78S, EV 88.1 MPH)
|
Batting: LHB Jason Heyward
|
0-0: Called Strike 0-1: Foul Ball, location: 2F 0-2: Ball 1-2: Ball 2-2: SINGLE (Groundball, 4D, EV 100.0 MPH) Edwin Encarnacion to second Runner from 2nd tries for 3rd, OUT! 8-5
|
Batting: LHB Bradley Zimmer
|
0-0: Called Strike 0-1: Swinging Strike 0-2: Ball 1-2: Foul Ball, location: 2F 1-2: Strikes out swinging
|
Batting: SHB Jorge Polanco
|
0-0: Ball 1-0: Ball 2-0: Called Strike 2-1: Ball 3-1: Called Strike 3-2: Foul Ball, location: 2F 3-2: Base on Balls Jason Heyward to second
|
Pitching: LHP Jerry Vasto
|
|
Batting: RHB Jermaine Palacios
|
0-0: Ball 1-0: Called Strike 1-1: Swinging Strike 1-2: Strikes out looking
|
Top of the 6th over - 0 runs, 2 hits, 0 errors, 2 left on base; Houston 3 - Oakland 1 |
BOTTOM OF THE 6TH |
Oakland Athletics batting - Pitching for Houston Astros : LHP Robbie Ray
|
Pitching: LHP Jairo Labourt
|
|
Batting: LHB Didi Gregorius
|
0-0: Ball 1-0: Called Strike 1-1: Ball 2-1: Called Strike 2-2: Ball 3-2: SINGLE (Groundball, 3, EV 98.8 MPH) (infield hit)
|
Batting: RHB Mark Canha
|
0-0: Ball 1-0: Ball 2-0: Called Strike 2-1: Foul Ball, location: 2F 2-2: Foul Ball, location: 2F 2-2: Strikes out swinging
|
Batting: SHB Eduardo Escobar
|
0-0: Ball 1-0: Foul Ball, location: 2F 1-1: Swinging Strike 1-2: Strikes out swinging
|
Batting: RHB Mac Williamson
|
0-0: Swinging Strike 0-1: Ball 1-1: Fielders Choice at 2nd, 5-4 (Groundball, 56, EV 77.5 MPH)
|
Bottom of the 6th over - 0 runs, 1 hit, 0 errors, 1 left on base; Houston 3 - Oakland 1 |
TOP OF THE 7TH |
Houston Astros batting - Pitching for Oakland Athletics : LHP Jerry Vasto
|
Batting: LHB Rougned Odor
|
0-0: Ball 1-0: Fly out, F9 (Flyball, 89D, EV 78.8 MPH)
|
Batting: SHB Tucker Barnhart
|
0-0: Ball 1-0: Called Strike 1-1: Ball 2-1: Foul Ball, location: 2F 2-2: Strikes out looking
|
Batting: LHB Colin Moran
|
0-0: Ball 1-0: Swinging Strike 1-1: Ball 2-1: Swinging Strike 2-2: Fly out, F9 (Line Drive, 9D, EV 91.3 MPH)
|
Top of the 7th over - 0 runs, 0 hits, 0 errors, 0 left on base; Houston 3 - Oakland 1 |
BOTTOM OF THE 7TH |
Oakland Athletics batting - Pitching for Houston Astros : LHP Jairo Labourt
|
Pitching: LHP Chris Rusin
|
|
Batting: SHB Freddy Galvis
|
0-0: Ball 1-0: Foul Ball, location: 2F 1-1: Ball 2-1: Called Strike 2-2: Ground out 6-3 (Groundball, 6, EV 92.5 MPH)
|
Batting: LHB Steven Duggar
|
0-0: Called Strike 0-1: Fly out, F8 (Line Drive, 8LM, EV 85.6 MPH)
|
Batting: RHB Jamie Ritchie
|
0-0: Swinging Strike 0-1: Ground out 6-3 (Groundball, 6, EV 91.3 MPH)
|
Bottom of the 7th over - 0 runs, 0 hits, 0 errors, 0 left on base; Houston 3 - Oakland 1 |
TOP OF THE 8TH |
Houston Astros batting - Pitching for Oakland Athletics : LHP Jerry Vasto
|
Pitching: RHP Blake Parker
|
|
Batting: SHB Ben Zobrist
|
0-0: Foul Ball, location: 2F 0-1: Swinging Strike 0-2: Strikes out swinging
|
Batting: RHB Edwin Encarnacion
|
0-0: Ball 1-0: Ball 2-0: Called Strike 2-1: Fly out, F7 (Flyball, 78D, EV 88.1 MPH)
|
Batting: LHB Jason Heyward
|
0-0: Ball 1-0: Swinging Strike 1-1: Ball 2-1: Ball 3-1: Base on Balls
|
Batting: LHB Bradley Zimmer
|
0-0: Called Strike 0-1: Called Strike 0-2: Ball 1-2: Ball 2-2: Foul Ball, location: 2F 2-2: Foul Ball, location: 2F 2-2: Ball 3-2: Ground out 4-3 (Groundball, 4, EV 80.6 MPH)
|
Top of the 8th over - 0 runs, 0 hits, 0 errors, 1 left on base; Houston 3 - Oakland 1 |
BOTTOM OF THE 8TH |
Oakland Athletics batting - Pitching for Houston Astros : LHP Chris Rusin
|
Batting: RHB Jose Abreu
|
0-0: Ball 1-0: Called Strike 1-1: Ball 2-1: Ground out 6-3 (Groundball, 6, EV 87.5 MPH)
|
Batting: RHB Rhys Hoskins
|
0-0: Ball 1-0: Ball 2-0: DOUBLE (Line Drive, 7LD, EV 108.1 MPH)
|
Batting: LHB Didi Gregorius
|
0-0: Called Strike 0-1: Ball 1-1: Ball 2-1: Ball 3-1: Swinging Strike 3-2: Base on Balls
|
Pitching: RHP Alex Colome
|
|
Batting: RHB Mark Canha
|
0-0: Fielders Choice at 2nd, 5-4 (Groundball, 56, EV 83.1 MPH) Rhys Hoskins to third
|
Batting: SHB Eduardo Escobar
|
0-0: Foul Ball, location: 2F 0-1: Swinging Strike 0-2: Strikes out swinging
|
Bottom of the 8th over - 0 runs, 1 hit, 0 errors, 2 left on base; Houston 3 - Oakland 1 |
TOP OF THE 9TH |
Houston Astros batting - Pitching for Oakland Athletics : RHP Blake Parker
|
Pitching: RHP Matt Barnes
|
|
Batting: SHB Jorge Polanco
|
0-0: Called Strike 0-1: Swinging Strike 0-2: Ball 1-2: Ball 2-2: Strikes out swinging, 2-3 out at first.
|
Batting: RHB Jermaine Palacios
|
0-0: Foul Ball, location: 2F 0-1: Foul Ball, location: 2F 0-2: Foul Ball, location: 2F 0-2: Strikes out swinging
|
Batting: LHB Rougned Odor
|
0-0: Ground out 6-3 (Groundball, 4MD, EV 108.8 MPH)
|
Top of the 9th over - 0 runs, 0 hits, 0 errors, 0 left on base; Houston 3 - Oakland 1 |
BOTTOM OF THE 9TH |
Oakland Athletics batting - Pitching for Houston Astros : RHP Alex Colome
|
Pitching: LHP James Pazos
|
|
Batting: RHB Mac Williamson
|
0-0: Foul Ball, location: 2F 0-1: Swinging Strike 0-2: Foul Ball, location: 2F 0-2: Strikes out swinging
|
Batting: SHB Freddy Galvis
|
0-0: Swinging Strike 0-1: Ball 1-1: Ball 2-1: Called Strike 2-2: Strikes out swinging
|
Batting: LHB Steven Duggar
|
0-0: Ball 1-0: Called Strike 1-1: Ball 2-1: Foul Ball, location: 2F 2-2: Strikes out looking
|
Bottom of the 9th over - 0 runs, 0 hits, 0 errors, 0 left on base; Houston 3 - Oakland 1 |
|